 Dungeon Crawl Stone Soup version 0.29.1-15-g9cfb28693d (webtiles) character file.

Game seed: 11775399628193167832

151 bmack86 the Chopper (level 5, -1/45 HPs)
             Began as a Minotaur Fighter on Apr 1, 2024.
             Slain by Sigmund
             ... wielding a +0 scythe
              (6 damage)
             ... on level 3 of the Dungeon.
             The game lasted 00:06:47 (2513 turns).

bmack86 the Chopper (Minotaur Fighter)              Turns: 2513, Time: 00:06:48

Health: -1/45      AC:  6    Str: 23    XL:     5   Next: 11%
Magic:  4/4        EV:  9    Int:  5    God:
Gold:   162        SH:  4    Dex:  9    Spells: 4/4 levels left

rFire   . . .      SeeInvis .   a - +0 war axe
rCold   . . .      Faith    .   c - +0 buckler
rNeg    . . .      Spirit   .   b - +0 scale mail
rPois   .          Reflect  .   (helmet restricted)
rElec   .          Harm     .   (no cloak)
rCorr   .          Rampage  .   (no gloves)
Will    .....                   (no boots)
Stlth   ..........              (no amulet)
HPRegen 0.15/turn               e - +4 ring of slaying
MPRegen 0.09/turn               (no ring)

@: mighty
A: horns 2, retaliatory headbutt
a: no special abilities


You were on level 3 of the Dungeon.
You visited 1 branch of the dungeon, and saw 3 of its levels.

You collected 162 gold pieces.

Inventory:

Hand Weapons
 a - a +0 war axe (weapon)
Missiles
 h - a throwing net
Armour
 b - a +0 scale mail (worn)
 c - a +0 buckler (worn)
Jewellery
 e - a +4 ring of slaying (left hand)
Wands
 q - a wand of polymorph (2) (quivered)
Scrolls
 f - a scroll of immolation {unknown}
 g - a scroll of amnesia {unknown}
 j - 2 scrolls of teleportation {unknown}
 k - a scroll of butterflies {unknown}
 l - a scroll of vulnerability {unknown}
 n - a scroll of identify {unknown}
 p - a scroll of poison {unknown}
Potions
 d - a potion of might
 i - 2 potions of berserk rage {unknown}
 m - a potion of flight {unknown}
 o - a potion of attraction {unknown}


   Skills:
 - Level 3.6 Fighting
 + Level 5.5 Axes
 - Level 3.6 Armour
 - Level 5.0 Shields


You had 4 spell levels left.
You didn't know any spells.
Your spell library contained the following spells:

 Spells                   Type           Power      Damage    Failure   Level
 Apportation              Tloc           0%         N/A       86%         1
 Necrotise                Necr           0%         1d4       86%         1
 Summon Small Mammal      Summ           0%         N/A       86%         1


Dungeon Overview and Level Annotations

Branches:
Dungeon (3/15)

Altars:
Fedhas
Trog

Shops:
D:3 *

Annotations:
D:3 Robin, Sigmund


Innate Abilities, Weirdness & Mutations

You have a pair of horns on your head.
You reflexively headbutt those who attack you in melee.


Message History

You hear a shout!
You hit the gnoll.
The gnoll is severely wounded.
The gnoll hits you but does no damage. The gnoll completely misses you.
The gnoll hits you but does no damage.
You closely miss the gnoll. Your headbutt misses the gnoll.
You barely miss the gnoll.
Sigmund the Dreaded comes into view.
He is wielding a +0 scythe and wearing a +2 robe of fire resistance.
The gnoll completely misses you. You furiously retaliate!
You headbutt the gnoll!
You kill the gnoll!
You block the gnoll's attack.
You have reached level 5!
There is an open door here.
You closely miss the gnoll. You headbutt the gnoll.
The gnoll is lightly wounded.
The gnoll barely misses you.
Sigmund hits you from afar with a +0 scythe.
You slash the gnoll!
The gnoll is severely wounded.
The gnoll closely misses you. Sigmund completely misses you.
You feel very mighty all of a sudden. The gnoll closely misses you.
You slash the gnoll!
You kill the gnoll!
Sigmund hits you from afar with a +0 scythe.
Sigmund casts a spell.
Sigmund flickers and vanishes!
Deactivating autopickup; reactivate with Ctrl-A.
You see here a +0 flail.
You closely miss something. Something hits you.
You miss something. Your headbutt misses something.
Something hits you but does no damage.
You barely miss something. Something hits you!
* * * LOW HITPOINT WARNING * * *
You miss something. Something hits you.
* * * LOW HITPOINT WARNING * * *
There is an open door here.
Something hits you.
You die...

#.#######.###......#
....†...........####
#.#######.###.#.#
#.# #.# #.#.# #.#
#.. .[#†# #.#
#####.#.# #..
#.#(#### #..
###.#....##### #.
#.....@......#
#+###.#'####.# #.#)#
###))# ....# ..8....
......### ####..##
#.##


There were no monsters in sight!

Vanquished Creatures
  Natasha (D:3)
  3 gnolls (D:3)
  3 worms
  3 dart slugs (D:1)
  An orc (D:3)
  3 ball pythons
  4 bats
  9 endoplasms
  4 giant cockroaches
  11 goblins
  9 hobgoblins
  4 jackals (D:1)
  6 kobolds
  2 frilled lizards (D:1)
  9 rats
72 creatures vanquished.

Vanquished Creatures (others)
  5 fungi (D:1)
5 creatures vanquished.

Grand Total: 77 creatures vanquished

Notes
Turn   | Place    | Note
-------+----------+-------------------------------------------
     0 | D:1      | bmack86 the Minotaur Fighter began the quest for the Orb.
     0 | D:1      | Reached XP level 1. HP: 19/19 MP: 0/0
    31 | D:1      | Reached XP level 2. HP: 24/26 MP: 1/1
   280 | D:1      | Reached XP level 3. HP: 27/31 MP: 2/2
   486 | D:1      | Found a faded altar of an unknown god.
   812 | D:1      | Reached skill level 5 in Shields
  1647 | D:2      | Reached XP level 4. HP: 39/39 MP: 3/3
  1674 | D:2      | Found a blossoming altar of Fedhas.
  1876 | D:3      | Found Nesos's General Store.
  2037 | D:3      | Noticed a moth of wrath
  2039 | D:3      | Found a bloodstained altar of Trog.
  2252 | D:3      | Found a blossoming altar of Fedhas.
  2388 | D:3      | Noticed Robin
  2445 | D:3      | Noticed Natasha
  2448 | D:3      | Killed Natasha
  2449 | D:3      | Reached skill level 5 in Axes
  2500 | D:3      | Noticed Sigmund
  2501 | D:3      | Reached XP level 5. HP: 28/45 MP: 4/4
  2513 | D:3      | Slain by Sigmund

Illustrated notes

Levels and vault maps discovered:
D:1:      shiori_arrival_elements, layout_basic,
          shapermc_ecumenical_altar_hornbeckon
D:2:      layout_loops_corners, basic_altar
D:3:      layout_basic, grunt_temple_overflow_champion_of_chaos, tgw_trog,
          fedhas_ov_isle_minmay, serial_shops,
          nicolae_shop_competitors_out_of_business, grunt_ministairs_15,
          kennysheep_nondescript, interstate_on_off,
          hangedman_decor_diamond_cutter, uniq_sigmund, uniq_robin, uniq_natasha

Skill      XL: |  1  2  3  4 |
---------------+-------------+-----
Shields        | 4 5 |  5.0
Axes           | 3 4 5 |  5.5
Fighting       | |  3.6
Armour         | |  3.6

Action                   |  1- 3 |  4- 6 || total
-------------------------+-------+-------++-------
Melee: War axe           |    76 |    36 ||   112
       Headbutt          |     4 |     5 ||     9
  Use: Potion            |       |     1 ||     1
Armor: Scale mail        |    31 |    16 ||    47
Dodge: Dodged            |    31 |    17 ||    48
Block: Buckler           |    19 |     9 ||    28
